 Dungeon Crawl Stone Soup version 0.22-a0-833-g8522bf8 (webtiles) character file.

91 jjfam the Skirmisher (level 4, -1/41 HPs)
             Began as a Hill Orc Fighter on July 25, 2018.
             Slain by a gnoll (6 damage)
             ... on level 2 of the Dungeon.
             The game lasted 00:04:10 (1747 turns).

jjfam the Skirmisher (Hill Orc Fighter)             Turns: 1747, Time: 00:04:11

Health: -1/41      AC:  7    Str: 19    XL:     4   Next: 59%
Magic:  4/4        EV:  7    Int:  8    God:
Gold:   91         SH:  9    Dex: 10    Spells: 3/3 levels left

rFire    . . .     SeeInvis .   f - -2 short sword (curse)
rCold    . . .     Gourm    .   c - +0 shield
rNeg     . . .     Faith    .   b - +0 scale mail
rPois    .         Spirit   .   (no helmet)
rElec    .         Reflect  .   (no cloak)
rCorr    .         Harm     .   (no gloves)
MR       .....                  (no boots)
Stlth    ..........             (no amulet)
HPRegen  0.13/turn              (no ring)
MPRegen  0.09/turn              (no ring)

@: about to teleport
A: no striking features
a: no special abilities


You were on level 2 of the Dungeon.
You were not hungry.

You visited 1 branch of the dungeon, and saw 3 of its levels.

You collected 91 gold pieces.

Inventory:

Hand Weapons
 a - a +0 war axe
 f - a cursed -2 short sword (weapon)
Armour
 b - a +0 scale mail (worn)
 c - a +0 shield (worn)
Scrolls
 j - a scroll of remove curse {unknown}
 m - a scroll of fog {unknown}
 n - 2 scrolls of identify {unknown}
Potions
 d - a potion of might
 e - a potion of magic {unknown}
 i - a potion of invisibility {unknown}
 k - a potion of curing {unknown}
 l - a potion of mutation {unknown}
 o - a potion of brilliance {unknown}
 p - a potion of degeneration {unknown}
Comestibles
 q - 5 chunks of flesh


   Skills:
 + Level 4.6 Fighting
 + Level 4.0 Axes
 + Level 3.8 Armour
 + Level 3.9 Shields


You had 3 spell levels left.
You didn't know any spells.
Your spell library was empty.

Dungeon Overview and Level Annotations

Branches:
Dungeon (3/15)

Altars:


Message History

You closely miss the gnoll.
The gnoll is lightly wounded.
The goblin hits you but does no damage. The gnoll closely misses you.
The gnoll hits you but does no damage. The goblin hits you but does no damage.
The gnoll hits you.
* * * LOW HITPOINT WARNING * * *
The goblin hits you with a dagger.
* * * LOW HITPOINT WARNING * * *
The gnoll barely misses you.
As you read the scroll of teleportation, it crumbles to dust.
You feel strangely unstable. You block the gnoll's attack. The goblin hits you.
* * * LOW HITPOINT WARNING * * *
The gnoll hits you.
* * * LOW HITPOINT WARNING * * *
The gnoll hits you but does no damage. The goblin completely misses you.
You hit the gnoll.
The gnoll is lightly wounded.
You block the gnoll's attack. You block the goblin's attack.
The gnoll hits you.
You die...

........##.#### #.# #...#
....##........# ####.# ###.#
######.###....###....#####
#.## #..# ####............##
#.##
#.#######..#########..####...
#># #.....## ###.......# #.#
##.##..## #####...####..( #.#
#.###.g###....<### ###.
#####.####..##.g@g..##### ##.
...............gg#### ##.)
.........##.####..## ##...
.....<...##..# ##.(########
#.... .........###.#
##(.>.....# #.... .........#
#.# #(.......# #....
########## ### #(.......#
#.... #........# #....
#...)....# #....


You could see 3 gnolls and 2 goblins.

Vanquished Creatures
  3 adders (D:2)
  3 worms (D:2)
  2 dart slugs (D:3)
  2 leopard geckos
  2 bats
  11 giant cockroaches
  5 goblins
  3 hobgoblins
  8 kobolds
  A ball python (D:2)
  2 frilled lizards (D:2)
  5 rats
47 creatures vanquished.

Notes
Turn   | Place    | Note
-------+----------+-------------------------------------------
     0 | D:1      | jjfam the Hill Orc Fighter began the quest for the Orb.
     0 | D:1      | Reached XP level 1. HP: 19/19 MP: 1/1
    91 | D:1      | Reached XP level 2. HP: 25/27 MP: 2/2
   495 | D:2      | Reached XP level 3. HP: 28/34 MP: 3/3
  1049 | D:2      | Reached XP level 4. HP: 36/41 MP: 4/4
  1747 | D:2      | Slain by a gnoll

Vault maps used:
D:1:      scummos_arrival_hexagon, kennysheep_boxes
D:2:      minmay_roachtagon, minmay_pentomino_x2
D:3:      eat_drink_and_be_merry_uskayaw, first_ration, uniq_crazy_yiuf_cottage,
          uniq_natasha

Skill      XL: |  1  2  3  4 |
---------------+-------------+-----
Fighting       | 4 |  4.6
Axes           | 3 4 |  4.0
Armour         | |  3.8
Shields        | |  3.9

Action                   |  1- 3 |  4- 6 || total
-------------------------+-------+-------++-------
Melee: War axe           |    98 |    34 ||   132
       Short sword       |       |    13 ||    13
  Use: Scroll            |       |     3 ||     3
  Eat: Ration            |     1 |       ||     1
Armor: Scale mail        |    45 |    34 ||    79
Dodge: Dodged            |    29 |    34 ||    63
Block: Shield            |    73 |    40 ||   113

Table legend:
 A = Spawn XP
 B = Non-spawn XP
 C = Spawn XP percentage of total XP
 D = Spawn monster count
 E = Non-spawn monster count
 F = Spawn count percentage of total count
 G = Total turns spent on level
                    A         B        C        D         E        F      G
               +---------+---------+-------+---------+---------+-------+---------
         Total |       0 |     131 |   0.0 |       0 |      47 |   0.0 |  1747
               +---------+---------+-------+---------+---------+-------+---------
           D:1 |       0 |      29 |   0.0 |       0 |      17 |   0.0 |   486
           D:2 |       0 |      92 |   0.0 |       0 |      27 |   0.0 |  1234
           D:3 |       0 |      10 |   0.0 |       0 |       3 |   0.0 |    27
               +---------+---------+-------+---------+---------+-------+---------
